 Dungeon Sprint DCSS version 0.17-a0-1570-g74b7129 (webtiles) character file.

38 tt080 the Ruffian (level 3, -14/19 HPs)
             Began as a Vine Stalker Fighter on July 23, 2015.
             Was an Initiate of Makhleb.
             Demolished by a hill giant
             ... wielding a +0 giant club
              (19 damage)
             ... in the Dungeon (Sprint IX: "|||||||||||||||||||||||||||||").
             The game lasted 00:01:32 (145 turns).

tt080 the Ruffian (Vine Stalker Fighter)             Turns: 145, Time: 00:01:32

Health: -14/19     AC: 11    Str: 18    XL:     3   Next: 43%
Magic:  0/4        EV:  5    Int:  8    God:    Makhleb [......]
Gold:   0          SH:  9    Dex: 14    Spells: 0 memorised, 2 levels left

rFire  . . .     SeeInvis .       - Unarmed
rCold  . . .     Clarity  .     r - +1 chain mail
rNeg   . . .     SustAt   .     b - +0 shield
rPois  .         Gourm    .     (no helmet)
rElec  .         Spirit   +     (no cloak)
rCorr  .         Warding  .     (no gloves)
rMut   .         NoTele   +     (no boots)
MR     .....                    (no amulet)
Stlth  ..........               (no ring)
                                s - +2 ring of protection

@: very slightly contaminated, invisible, not resistant to hostile enchantments,
extremely unstealthy
A: fangs 2, regeneration 1, magic shield, antimagic bite, no device heal 3, rot
immunity
a: Renounce Religion


You were in the Dungeon.
You worshipped Makhleb.
Makhleb was noncommittal.
You were not hungry.

You visited 1 branch

Inventory:

Armour
 a - a +0 scale mail
 b - a +0 shield (worn)
 p - a +0 pair of gloves
 q - a +0 pair of boots
 r - a +1 chain mail (worn)
Magical staves
 n - an uncursed staff of energy
Jewellery
 o - a +2 ring of protection
 s - a +2 ring of protection (left hand)
Magical devices
 m - a wand of cold (7)
Scrolls
 j - 2 scrolls of blinking
 k - 3 scrolls of remove curse
 l - 2 scrolls of amnesia
Potions
 c - a potion of might
 e - 5 potions of curing
 f - 3 potions of heal wounds
 g - a potion of haste
 h - 4 potions of magic
Comestibles
 d - a bread ration


   Skills:
 - Level 2.6 Fighting
 - Level 2.4 Armour
 + Level 4.2 Shields
 * Level 5.7 Unarmed Combat


You had 2 spell levels left.
You didn't know any spells.

Dungeon Overview and Level Annotations

Branches:
Dungeon (1/1)

Altars:
Cheibriados
Dithmenos
Elyvilon
Fedhas
Gozag
Kikubaaqudgha
Makhleb
Nemelex Xobeh
Okawaru
Qazlal
Ru
Sif Muna
Trog
Vehumet
Xom
Yredelemnul
Zin
The Shining One
Beogh
Jiyva
Lugonu


Innate Abilities, Weirdness & Mutations

You have extremely sharp teeth.
Your natural rate of healing is unusually fast.
When hurt, damage is shared between your health and your magic reserves.
Your bite disrupts and absorbs the magic of your enemies.
Potions and wands cannot restore your health.
You are immune to rotting.


Message History

* * * LOW HITPOINT WARNING * * *
Your chain mail prevents you from hitting the hill giant.
The hill giant is lightly wounded.
You block the hill giant's attack.
Your chain mail prevents you from hitting the hill giant.
The hill giant is lightly wounded.
The hill giant hits you but does no damage.
You hit the hill giant but do no damage.
You bite the hill giant. You drain its power.
You feel invigorated.
The hill giant is lightly wounded.
Your chain mail prevents you from hitting the hill giant.
The hill giant is lightly wounded.
You block the hill giant's attack.
You hit the hill giant but do no damage.
You bite the hill giant, but do no damage.
The hill giant is lightly wounded.
The hill giant hits you with a giant club!!
* * * LOW MAGIC WARNING * * *
Ouch! That really hurt!
You die... ▓▓▓▓▓▓▓▓▓▓▓▓▓▓▓▓▓▓▓▓▓▓▓▓▓▓▓▓▓▓▓▓ _______________'@CClJSo..S.S.So. ▓▓▓▓▓▓▓▓▓▓▓▓▓▓▓▓▓▓▓▓▓▓▓▓▓▓▓▓▓▓▓▓

You could see 2 hill giants, an orc warrior, a jelly, an adder and a giant gecko.

Vanquished Creatures
  A hound (D)
  A giant gecko (D)
  A hobgoblin (D)
  3 goblins (D)
  4 rats (D)
10 creatures vanquished.

Notes
Turn   | Place    | Note
--------------------------------------------------------------
     0 | D        | tt080 the Vine Stalker Fighter began the quest for the Orb.
     0 | D        | Reached XP level 1. HP: 11/11 MP: 2/2
    17 | D        | Reached skill level 3 in Shields
    49 | D        | Noticed a hound
    56 | D        | Killed a hound
    56 | D        | Reached skill level 4 in Shields
    56 | D        | Reached skill level 5 in Unarmed Combat
    56 | D        | Reached XP level 2. HP: 10/16 MP: 3/3
    56 | D        | Reached XP level 3. HP: 11/19 MP: 4/4
    67 | D        | Found a glowing silver altar of Zin.
    67 | D        | Found a glowing golden altar of the Shining One.
    67 | D        | Found an ancient bone altar of Kikubaaqudgha.
    67 | D        | Found a basalt altar of Yredelemnul.
    67 | D        | Found a shimmering altar of Xom.
    67 | D        | Found a radiant altar of Vehumet.
    68 | D        | Found an iron altar of Okawaru.
    69 | D        | Found a burning altar of Makhleb.
    70 | D        | Found a deep blue altar of Sif Muna.
    71 | D        | Found a bloodstained altar of Trog.
    72 | D        | Found a sparkling altar of Nemelex Xobeh.
    73 | D        | Found a white marble altar of Elyvilon.
    74 | D        | Found a roughly hewn altar of Beogh.
    75 | D        | Found a viscous altar of Jiyva.
    76 | D        | Found a corrupted altar of Lugonu.
    77 | D        | Became a worshipper of Makhleb the Destroyer
    78 | D        | Found a blossoming altar of Fedhas.
    79 | D        | Found a snail-covered altar of Cheibriados.
    80 | D        | Found a shadowy altar of Dithmenos.
    81 | D        | Found a stormy altar of Qazlal.
    82 | D        | Found an opulent altar of Gozag.
    83 | D        | Found a sacrificial altar of Ru.
   128 | D        | Noticed a hill giant
   128 | D        | Noticed a hill giant
   128 | D        | Noticed a jelly
   128 | D        | Noticed an orc warrior
   145 | D        | Demolished by a hill giant

Vault maps used:
D:        linesprint

Action                   || total
-------------------------++-------
Melee: Unarmed           ||    32
  Use: Potion            ||     2
 Stab: Invisible         ||     1
